 Dungeon Sprint DCSS version bcrawl-1.20.1-3-gdcb1fc31ed (webtiles) character file.

Game seed: 10214748607849193560

11125 Freyura the Wrestler (level 11, -12/128 HPs)
             Began as a Troll Fighter on Jan 30, 2020.
             Was an Elder of Ru.
             Mangled by a sun demon (21 damage)
             ... summoned by an orc high priest
             ... in the Dungeon (Sprint IX: "|||||||||||||||||||||||||||||") on Jan 31, 2020.
             The game lasted 00:10:28 (1392 turns).

Freyura the Wrestler (Troll Fighter)                Turns: 1392, Time: 00:10:29

Health: -12/128    AC: 13    Str: 26    XL:     11   Next: 45%
Magic:  20/20      EV: 11    Int: 10    God:    Ru [****..]
Gold:   1272       SH: 16    Dex: 12    Spells: 10/10 levels left

rFire    . . .     SeeInvis .     - Unarmed
rCold    . . .     Gourm    +   a - +2 shield
rNeg     . . .     Faith    .   (armour unavailable)
rPois    .         Spirit   .   f - +3 hat of Pondering {ponderous, MR+ MP+10 Int+5}
rElec    +         Reflect  +   x - +0 cloak
rCorr    .         Harm     .   (gloves unavailable)
MR       +....     NoTele   +   (boots unavailable)
Stlth    +.........             w - +4 amulet of reflection
HPRegen  0.71/turn              m - +2 ring of evasion
MPRegen  0.17/turn              s - ring of insulation

@: no scrolls, slow
A: large, almost no armour, unfitting armour, claws 3, fast metabolism 3,
gourmand, regeneration 1, inability to read while threatened, hated by all, no
conjurations magic, no fire magic, no necromancy magic, AC +9
a: Sacrifice Essence, Sacrifice Stealth, Sacrifice Experience, Reject
Sacrifices, Draw Out Power, Power Leap, Renounce Religion


You were in the Dungeon.
You worshipped Ru.
Ru was greatly pleased with you.
You were completely stuffed.

You visited 1 branch You collected 1272 gold pieces.

Inventory:

Armour
 a - a +2 shield (worn)
 f - the +3 hat of Pondering (worn) {ponderous, MR+ MP+10 Int+5}
   (You took it off Gastronok in the Dungeon)

   It affects your intelligence (+5).
   It affects your resistance to hostile enchantments.
   It affects your magic capacity (+10).
 x - a +0 cloak (worn)
Jewellery
 m - a +2 ring of evasion (left claw)
 n - a +3 ring of strength
 s - a ring of insulation (right claw)
 w - a +4 amulet of reflection (around neck)
Wands
 l - a wand of acid (10)
 q - a wand of random effects (8)
Scrolls
 i - 2 scrolls of blinking
 j - 5 scrolls of remove curse
 k - 2 scrolls of amnesia
 r - a scroll of identify
 t - 4 scrolls of enchant weapon
Potions
 b - a potion of brilliance
 c - 2 potions of heal wounds
 d - 4 potions of curing
 g - 4 potions of magic
 h - a potion of invisibility
 p - 2 potions of mutation
 v - a potion of resistance
Comestibles
 e - 12 rations {!d}
 o - 16 chunks of flesh


   Skills:
 + Level 13.7 Fighting
 - Level 2.4 Dodging
 + Level 4.4 Shields
 * Level 21.0 Unarmed Combat


You had 10 spell levels left.
You didn't know any spells.
Your spell library was empty.

Dungeon Overview and Level Annotations

Branches:
Dungeon (1/1)

Altars:
Cheibriados
Dithmenos
Elyvilon
Fedhas
Gozag
Hepliaklqana
Kikubaaqudgha
Lugonu
Makhleb
Nemelex Xobeh
Okawaru
Qazlal
Ru
Sif Muna
Trog
Uskayaw
Vehumet
Wu Jian
Xom
Yredelemnul
Zin
The Shining One
Beogh
Jiyva

Shops:
D }


Innate Abilities, Weirdness & Mutations

You cannot wear most types of armour.
Your thick skin is tough. (AC +9)
You are too large for most types of armour.
You have claws for hands.
Your metabolism is lightning-fast.
You like to eat raw meat.
Your natural rate of healing is unusually fast.
You cannot read scrolls while threatened.
You are hated by all.
You cannot study or cast Conjurations magic.
You cannot study or cast Fire magic.
You cannot study or cast Necromancy magic.


Message History

You scratch the sun demon.
The sun demon is moderately wounded.
You block the sun demon's attack.
The orc priest invokes the aid of Beogh against you.
Beogh smites you!
You scratch the sun demon.
The sun demon is moderately wounded.
You block the sun demon's attack.
The orc high priest begins to pray, but is stunned by your will!
You scratch the sun demon but do no damage.
The sun demon is moderately wounded.
The sun demon hits you!
You are engulfed in flames!
* * * LOW HITPOINT WARNING * * *
You claw the sun demon!
The sun demon is heavily wounded.
The orc high priest invokes the aid of Beogh against you.
Beogh smites you!
* * * LOW HITPOINT WARNING * * *
The sun demon hits you!!
You die...

▓[▓.▓.▓.▓
▓[▓.▓.▓.▓o▓
▓)▓.▓.▓.▓o▓
▓|▓.▓.▓.▓$▓
▓.▓.▓÷▓.▓o▓
▓.▓.▓†▓.▓o▓
▓'▓.▓'▓.▓o▓
▓_▓.▓.▓.▓3▓
▓_▓.▓.▓.▓@▓
▓_▓.▓.▓.▓.▓
▓_▓.▓.▓.▓.▓
▓_▓.▓.▓.▓.▓
▓_▓.▓.▓.▓)▓
▓_▓.▓.▓.▓.▓
▓_▓.▓.▓.▓)▓
▓_▓.▓÷▓.▓.▓
▓_▓.▓†▓.▓)▓


You could see 2 orc high priests, a sun demon and 3 orc priests.

Vanquished Creatures
  Gastronok (D)
  2 orc high priests (D)
  2 orc knights (D)
  An ugly thing (D)
  2 orc sorcerers (D)
  A cane toad (D)
  A tengu conjurer (D)
  A blink frog (D)
  2 hippogriffs (D)
  4 yaks (D)
  A basilisk (D)
  3 crocodiles (D)
  A soldier ant (D)
  A warg (D)
  2 porcupines (D)
  4 hell hounds (D)
  2 water moccasins (D)
  A black bear (D)
  An ice beast (D)
  8 orc warriors (D)
  An ogre (D)
  3 wolves (D)
  2 bullfrogs (D)
  A gnoll sergeant (D)
  A scorpion (D)
  A crimson imp (D)
  A quasit (D)
  3 orc wizards (D)
  An iguana (D)
  A hell rat (D)
  2 adders (D)
  A leopard gecko (D)
  9 orcs (D)
  A bat skeleton (D)
  A bat zombie (D)
  A goblin (D)
  A hobgoblin (D)
  A bat (D)
  A rat (D)
74 creatures vanquished.

Vanquished Creatures (others)
  A porcupine (D)
1 creature vanquished.

Grand Total: 75 creatures vanquished

Notes
Turn   | Place    | Note
-------+----------+-------------------------------------------
     0 | D        | Freyura the Troll Fighter began the quest for the Orb.
     0 | D        | Reached XP level 1. HP: 22/22 MP: 0/0
    10 | D        | Reached skill level 3 in Unarmed Combat
    79 | D        | Noticed a quasit
    79 | D        | Noticed a scorpion
    79 | D        | Noticed a crimson imp
    79 | D        | Noticed an ice beast
    83 | D        | Killed an ice beast
    83 | D        | Reached skill level 7 in Unarmed Combat
    83 | D        | Reached XP level 2. HP: 9/33 MP: 1/1
    83 | D        | Reached XP level 3. HP: 11/41 MP: 2/2
    83 | D        | Gained mutation: Your natural rate of healing is unusually
                  | fast. [Troll growth]
    83 | D        | Reached XP level 4. HP: 13/49 MP: 3/3
    84 | D        | Reached skill level 5 in Fighting
    84 | D        | Reached skill level 8 in Unarmed Combat
    84 | D        | Reached XP level 5. HP: 14/57 MP: 4/4
    92 | D        | Reached skill level 9 in Unarmed Combat
   164 | D        | Found a roughly hewn altar of Beogh.
   164 | D        | Found a snail-covered altar of Cheibriados.
   164 | D        | Found a shadowy altar of Dithmenos.
   164 | D        | Found a white marble altar of Elyvilon.
   164 | D        | Found a blossoming altar of Fedhas.
   164 | D        | Found an opulent altar of Gozag.
   165 | D        | Found a hazy altar of Hepliaklqana.
   166 | D        | Found a viscous altar of Jiyva.
   167 | D        | Found an ancient bone altar of Kikubaaqudgha.
   168 | D        | Found a corrupted altar of Lugonu.
   169 | D        | Found a burning altar of Makhleb.
   170 | D        | Found a sparkling altar of Nemelex Xobeh.
   171 | D        | Found an iron altar of Okawaru.
   172 | D        | Found a stormy altar of Qazlal.
   173 | D        | Found a sacrificial altar of Ru.
   174 | D        | Found a shimmering blue altar of Sif Muna.
   175 | D        | Found a bloodstained altar of Trog.
   176 | D        | Found a hide-covered altar of Uskayaw.
   177 | D        | Found a radiant altar of Vehumet.
   178 | D        | Found an ornate altar of the Wu Jian Council.
   179 | D        | Found a shimmering altar of Xom.
   180 | D        | Found a basalt altar of Yredelemnul.
   181 | D        | Found a glowing silver altar of Zin.
   182 | D        | Found a glowing golden altar of the Shining One.
   191 | D        | Became a worshipper of Ru the Awakened
   220 | D        | Noticed an ogre
   220 | D        | Noticed a tengu conjurer
   223 | D        | Reached skill level 10 in Unarmed Combat
   235 | D        | Killed a tengu conjurer
   235 | D        | Reached skill level 11 in Unarmed Combat
   235 | D        | Reached XP level 6. HP: 35/71 MP: 5/5
   242 | D        | Reached skill level 12 in Unarmed Combat
   242 | D        | Reached XP level 7. HP: 39/79 MP: 6/6
   248 | D        | Reached skill level 13 in Unarmed Combat
   306 | D        | Noticed a green ugly thing
   306 | D        | Noticed a yak
   320 | D        | Killed a yak
   320 | D        | Reached XP level 8. HP: 78/92 MP: 7/7
   321 | D        | Gained mutation: You cannot read scrolls while threatened.
                  | [Ru sacrifice]
   321 | D        | Reached * piety under Ru
   323 | D        | Killed a green ugly thing
   323 | D        | Reached skill level 14 in Unarmed Combat
   364 | D        | Noticed Gastronok
   375 | D        | Killed Gastronok
   375 | D        | Reached skill level 18 in Unarmed Combat
   375 | D        | Reached XP level 9. HP: 17/106 MP: 8/8
   375 | D        | Reached XP level 10. HP: 19/115 MP: 9/9
   660 | D        | Noticed a cane toad
   678 | D        | Killed a cane toad
   698 | D        | Reached skill level 19 in Unarmed Combat
   713 | D        | Gained mutation: You cannot study or cast Fire magic. [Ru
                  | sacrifice]
   713 | D        | Gained mutation: You cannot study or cast Necromancy magic.
                  | [Ru sacrifice]
   713 | D        | Gained mutation: You cannot study or cast Conjurations
                  | magic. [Ru sacrifice]
   713 | D        | Reached ** piety under Ru
   919 | D        | Gained mutation: You are hated by all. [Ru sacrifice]
   919 | D        | Reached *** piety under Ru
   919 | D        | Reached **** piety under Ru
  1134 | D        | Noticed an orc sorcerer
  1134 | D        | Noticed an orc sorcerer
  1137 | D        | Noticed an orange demon
  1140 | D        | Killed an orc sorcerer
  1140 | D        | Reached skill level 20 in Unarmed Combat
  1140 | D        | Reached XP level 11. HP: 87/127 MP: 10/10
  1151 | D        | Killed an orc sorcerer
  1203 | D        | Noticed an orc knight
  1219 | D        | Killed an orc knight
  1220 | D        | Noticed an orc high priest
  1237 | D        | Noticed an orc knight
  1245 | D        | Killed an orc high priest
  1258 | D        | Killed an orc knight
  1376 | D        | Found Dikur's Gadget Boutique.
  1376 | D        | Noticed an orc high priest
  1376 | D        | Noticed an orc high priest
  1377 | D        | Noticed a sun demon
  1377 | D        | Noticed an orc high priest
  1378 | D        | Killed an orc high priest
  1378 | D        | Reached skill level 21 in Unarmed Combat
  1380 | D        | Noticed a sun demon
  1392 | D        | Mangled by a sun demon

Skill      XL: |  1  2  3  4  5  6  7  8  9 10 11 |
---------------+----------------------------------+-----
Unarmed Combat | 7 8 11 12 13 18 20 21 | 21.0
Fighting       | 4 5 7 9 12 13 | 13.7
Shields        | 4 |  4.4
Dodging        | |  2.4

Action                   |  1- 3 |  4- 6 |  7- 9 | 10-12 || total
-------------------------+-------+-------+-------+-------++-------
Melee: Unarmed           |    16 |    30 |    26 |   189 ||   261
Invok: Sacrifice Words   |       |       |     1 |       ||     1
       Sacrifice Love    |       |       |       |     1 ||     1
       Sacrifice Arcana  |       |       |       |     1 ||     1
  Use: Potion            |     1 |     3 |     1 |     2 ||     7
       Scroll            |       |       |       |     2 ||     2
 Stab: Distracted        |       |       |       |     1 ||     1
  Eat: Chunk             |     6 |     1 |     1 |     6 ||    14
Armor: Skin              |     1 |    14 |     2 |    29 ||    46
Dodge: Dodged            |     2 |    21 |     1 |    22 ||    46
Block: Shield            |     4 |     7 |     7 |    43 ||    61
       Reflection        |       |       |       |     1 ||     1
